 Dungeon Crawl Stone Soup version 0.30.1-9-gdf580d7c3d (webtiles) character file.

Game seed: 14995334884080291800

312 Ivernyr the Shield-Bearer (level 6, -3/49 HPs)
             Began as a Formicid Fighter on Oct 6, 2023.
             Slain by Ijyb
             ... wielding a +4 club
              (6 damage)
             ... on level 4 of the Dungeon.
             The game lasted 00:06:42 (2799 turns).

Ivernyr the Shield-Bearer (Formicid Fighter)        Turns: 2799, Time: 00:06:42

Health: -3/49      AC: 12    Str: 21    XL:     6   Next: 71%
Magic:  6/6        EV:  9    Int:  7    God:
Gold:   170        SH:  5    Dex: 15    Spells: 5/5 levels left

rFire   . . .        a - +0 long sword
rCold   . . .        c - +0 buckler
rNeg    . . .        b - +0 scale mail
rPois   .            (helmet unavailable)
rElec   .            (no cloak)
rCorr   .            (no gloves)
SInv    +            s - +0 pair of boots
Will    .....        (no amulet) Stlth
                     p - +4 ring of protection
HPRegen 0.28/turn    (no ring)
MPRegen 0.10/turn

%: no passive effects
@: mighty
A: permanent stasis, dig shafts and tunnels, antennae 3, four strong arms
a: Dig, Shaft Self


You were on level 4 of the Dungeon.
You visited 1 branch of the dungeon, and saw 4 of its levels.

You collected 170 gold pieces.

Inventory:

Hand Weapons
 a - a +0 long sword (weapon)
Armour
 b - a +0 scale mail (worn)
 c - a +0 buckler (worn)
 s - a +0 pair of boots (worn)
Jewellery
 p - a +4 ring of protection (left hand)
Wands
 q - a wand of light (7)
 u - a wand of digging (6)
Scrolls
 e - 2 scrolls of teleportation {unknown}
 g - 5 scrolls of identify {unknown}
 i - a scroll of enchant armour {unknown}
 k - a scroll of fog {unknown}
 l - a scroll of blinking {unknown}
 r - a scroll of poison {unknown}
 t - a scroll of fear {unknown}
 w - 2 scrolls of silence {unknown}
Potions
 f - a potion of resistance {unknown}
 h - 2 potions of flight {unknown}
 j - 3 potions of lignification {unknown}
 m - a potion of degeneration {unknown}
 n - a potion of brilliance {unknown}
 o - a potion of mutation {unknown}
 v - a potion of attraction {unknown}
 x - a potion of cancellation {unknown}


   Skills:
 + Level 4.4 Fighting
 * Level 4.4 Long Blades
 + Level 4.4 Armour
 + Level 5.5 Shields


You had 5 spell levels left.
You didn't know any spells.
Your spell library contained the following spells:

 Spells                   Type           Power      Damage    Failure   Level
 Slow                     Hex            0%         N/A       83%         1
 Confusing Touch          Hex            0%         N/A       99%         3
 Vampiric Draining        Necr           0%         2d6       99%         3


Dungeon Overview and Level Annotations

Branches:
Dungeon (4/15)
 Temple: D:4-7

Altars:
Ashenzari
Qazlal

Shops:
D:3 (

Annotations:
D:4 Ijyb


Innate Abilities, Weirdness & Mutations

You cannot be hasted, slowed, berserked, paralysed or teleported.
You can dig through walls and to a lower floor.
You have a pair of large antennae on your head. (SInv)
Your four strong arms can wield two-handed weapons with a shield.


Message History

* * * LOW HITPOINT WARNING * * *
You slash Ijyb!
Ijyb is moderately wounded.
Ijyb closely misses you.
You barely miss Ijyb.
Ijyb is moderately wounded.
Ijyb screams, "Me stronger than you!" Ijyb barely misses you.
Ijyb hits you with a +4 club.
* * * LOW HITPOINT WARNING * * *
You hit Ijyb.
Ijyb is heavily wounded.
Ijyb screams, "Get away!"
You block Ijyb's attack.
You closely miss Ijyb.
Ijyb is heavily wounded.
You block Ijyb's attack.
You closely miss Ijyb.
Ijyb is heavily wounded.
Ijyb screams, "Me very upset!"
Ijyb barely misses you.
You barely miss Ijyb.
Ijyb is heavily wounded.
Ijyb hits you with a +4 club.
* * * LOW HITPOINT WARNING * * *
You block Ijyb's attack.
You closely miss Ijyb.
Ijyb is heavily wounded.
Ijyb hits you with a +4 club.
* * * LOW HITPOINT WARNING * * *
You barely miss Ijyb.
Ijyb is heavily wounded.
Ijyb hits you with a +4 club.
* * * LOW HITPOINT WARNING * * *
You closely miss Ijyb.
Ijyb is heavily wounded.
Ijyb hits you but does no damage.
You closely miss Ijyb.
Ijyb is heavily wounded.
You block Ijyb's attack. Ijyb hits you with a +4 club.
You die...

...... ....## .....
[..# # ... #.#####.#
#..@gg#.#
########...### ####
#............#####..#
#.........#......#..###
#.........##...........
#.........######.......
#.........# #.......
#.........# #.......
#..?......# #######.


You could see Ijyb and a goblin.

Vanquished Creatures
  Sigmund (D:2)
  Jessica (D:2)
  Robin (D:2)
  A gnoll (D:3)
  An adder (D:2)
  A worm (D:2)
  A dart slug (D:1)
  2 orcs (D:3)
  5 bats
  10 endoplasms
  6 giant cockroaches
  14 goblins
  8 hobgoblins
  4 jackals
  4 kobolds
  A quokka (D:1)
  3 ball pythons
  4 frilled lizards
  7 rats
75 creatures vanquished.

Notes
Turn   | Place    | Note
-------+----------+-------------------------------------------
     0 | D:1      | Ivernyr the Formicid Fighter began the quest for the Orb.
     0 | D:1      | Reached XP level 1. HP: 18/18 MP: 1/1
    59 | D:1      | Reached XP level 2. HP: 6/24 MP: 2/2
   309 | D:1      | Reached XP level 3. HP: 29/29 MP: 3/3
  1099 | D:2      | Noticed Jessica
  1111 | D:2      | Killed Jessica
  1112 | D:2      | Reached XP level 4. HP: 29/37 MP: 4/4
  1265 | D:2      | Noticed Sigmund
  1281 | D:2      | Killed Sigmund
  1282 | D:2      | Reached skill level 5 in Shields
  1282 | D:2      | Reached XP level 5. HP: 38/43 MP: 5/5
  1282 | D:2      | Reached XP level 6. HP: 43/49 MP: 6/6
  1378 | D:2      | Found a faded altar of an unknown god.
  1412 | D:2      | Noticed Robin
  1580 | D:2      | Killed Robin
  1585 | D:2      | HP: 2/48 [poisoned by a goblin]
  1993 | D:3      | Found a stormy altar of Qazlal.
  2021 | D:3      | Found Oruj Neu's Weapon Shoppe.
  2098 | D:3      | Found a broken altar of Ashenzari.
  2769 | D:4      | Noticed Ijyb
  2799 | D:4      | Slain by Ijyb

Illustrated notes

Levels and vault maps discovered:
D:1:      dpeg_arrival_windows_large_door, layout_basic
D:2:      layout_basic, chequers_ecumenical_altar_simple, uniq_jessica,
          uniq_sigmund, uniq_robin
D:3:      layout_loops_ring, lemuel_crystal_altar, grunt_qazlal_clouds,
          serial_shops, shop, dreamdust_princess_bridge, st_stairs_12,
          minmay_statues_item, minmay_pentomino_pile
D:4:      layout_basic, mainiacjoe_overflow_alcove_4, uniq_ijyb,
          uniq_blork_the_orc

Skill      XL: |  1  2  3  4 |
---------------+-------------+-----
Long Blades    | 3 4 |  4.4
Fighting       | 4 |  4.4
Armour         | 4 |  4.4
Shields        | 5 |  5.5

Action                     |  1- 3 |  4- 6 || total
---------------------------+-------+-------++-------
  Melee: Long sword        |    81 |   160 ||   241
Ability: Dig               |       |     1 ||     1
    Use: Potion            |       |     1 ||     1
 Armour: Scale mail        |    38 |    99 ||   137
  Dodge: Dodged            |    31 |    70 ||   101
  Block: Buckler           |    21 |    52 ||    73
